 Dungeon Crawl Stone Soup version 0.32-a0-558-g233958a4c4 (webtiles) character file.

Game seed: 10494335856087364291

702 mopl the Carver (level 7, 0/54 HPs)
             Began as a Merfolk Fighter on Mar 1, 2024.
             Was an Initiate of Gozag.
             Slain by a black bear (3 damage)
             ... on level 4 of the Dungeon.
             The game lasted 00:05:29 (3916 turns).

mopl the Carver (Merfolk Fighter)                   Turns: 3916, Time: 00:05:30

Health: 0/54       AC:  7    Str: 18    XL:     7   Next: 66%
Magic:  7/7        EV: 10    Int:  7    God:    Gozag
Gold:   881        SH:  5    Dex: 14    Spells: 6/6 levels left

rFire   . . .        a - +0 long sword
rCold   + . .        c - +0 buckler
rNeg    . . .        b - +0 scale mail
rPois   +            o - +0 helmet
rElec   .            (no cloak)
rCorr   .            (no gloves)
SInv    .            (no boots)
Will    .....        s - amulet of the acrobat Stlth
                     p - ring of poison resistance
HPRegen 0.29/turn    f - ring of protection from cold
MPRegen 0.10/turn

%: acrobat
@: no status effects
A: (nimble swimmer 2), mertail
a: Renounce Religion, Potion Petition, Call Merchant, Bribe Branch


You were on level 4 of the Dungeon.
You worshipped Gozag.
Gozag was pleased with you.
You visited 1 branch of the dungeon, and saw 5 of its levels.

You collected 881 gold pieces.

Inventory:

Hand Weapons
 a - a +0 long sword (weapon)
 g - a +0 sling of draining
 A - a +2 whip of venom
Armour
 b - a +0 scale mail (worn)
 c - a +0 buckler (worn)
 o - a +0 helmet (worn)
Jewellery
 f - a ring of protection from cold (right hand)
 p - a ring of poison resistance (left hand)
 s - an amulet of the acrobat (around neck)
 v - a +6 ring of strength
 w - a ring of protection from fire
 y - a ring of willpower
Wands
 t - a wand of polymorph (6)
Scrolls
 e - a scroll of amnesia {unknown}
 h - 2 scrolls of fear {unknown}
 i - a scroll of blinking {unknown}
 j - 2 scrolls of identify
 l - a scroll of vulnerability {unknown}
 m - 2 scrolls of noise {unknown}
 q - a scroll of torment {unknown}
Potions
 d - a potion of might
 k - 2 potions of ambrosia
 n - 2 potions of brilliance
 r - 3 potions of curing
 u - a potion of lignification {!q}
 x - a potion of mutation {!q}
 z - a potion of heal wounds
 B - a potion of haste


   Skills:
 + Level 4.2 Fighting
 * Level 8.8 Long Blades
 + Level 2.7 Armour
 + Level 2.7 Dodging
 - Level 3.0 Shields


You had 6 spell levels left.
You didn't know any spells.
Your spell library contained the following spells:

 Spells                   Type           Power      Damage    Failure   Level
 Summon Small Mammal      Summ           0%         N/A       88%         1
 Call Canine Familiar     Summ           0%         N/A       99%         3
 Summon Blazeheart Golem  Fire/Summ      0%         N/A       100%        4


Dungeon Overview and Level Annotations

Branches:
Dungeon (5/15)             Temple (0/1) D:4

Altars:
Dithmenos
Gozag
Hepliaklqana
Makhleb
Okawaru


Innate Abilities, Weirdness & Mutations

((You are very nimble when in or above water. (Stealth+, EV+, Speed+++)))
Your lower body shifts to a powerful aquatic tail in water.


Message History

You hit the black bear.
The black bear is heavily wounded.
The orc hits you with a +0 war axe.
The black bear bites you but does no damage.
The black bear barely misses you. You block the black bear's attack.
The orc hits you but does no damage.
The black bear bites you but does no damage.
The black bear closely misses you. x2
You slash the black bear!
The black bear is severely wounded.
You block the orc's attack. You block the black bear's attack.
The black bear completely misses you.
The black bear claws you but does no damage.
Unknown command.
You hit the black bear but do no damage.
The black bear is severely wounded.
The orc barely misses you.
The black bear goes berserk!
Unknown command.
You hit the black bear.
The black bear is almost dead.
The black bear bites you.
The black bear claws you but does no damage.
The black bear claws you.
The orc sings a few bars from the Orcish anthem.
The orc hits you with a +0 war axe!
* * * LOW HITPOINT WARNING * * *
You hit the black bear but do no damage.
The black bear is almost dead.
The black bear barely misses you. The black bear claws you.
* * * LOW HITPOINT WARNING * * *
You block the black bear's attack. The orc misses you.
The black bear bites you!
* * * LOW HITPOINT WARNING * * *
The black bear claws you but does no damage.
You block the black bear's attack.
You hit the black bear.
The black bear is almost dead.
The black bear bites you.
You die...
Your body crumbles into a pile of gold.

###≈~##..# #.#####.# #.#
##≈≈~....#### #.......# #..
'..~.~.....)####..)...## ###
##~.~~≈≈.##......##.#.# #
###≈~≈≈≈########.##.#.#########
# # ##~≈### #.......##.....# #
#### #.#.##..##.....###
#....#..##.....##. #######
#@h.....##.....##. ......#
#o##.##.##.=...... ......#
#.......####.####. ......#
####.#### #.####. ###...# #.#
#....#. ###...# #.# #.##.##
.##...# #.# ##.##.##
......######## #.# ###.......
.##.##.......#
####.####..#......


You could see a black bear (berserk) and an orc.

Vanquished Creatures
  Eustachio (D:4)
  An ogre (D:3)
  A scorpion (D:4)
  A bombardier beetle (D:4)
  A hound (D:4)
  A jelly (D:4)
  An orc priest (D:3)
  An iguana (D:4)
  An orc wizard (D:3)
  Robin (D:2)
  5 gnolls
  7 adders
  A ribbon worm (D:4)
  4 dart slugs
  7 orcs
  8 ball pythons
  3 bats
  4 endoplasms
  8 giant cockroaches
  8 hobgoblins
  13 jackals
  4 kobolds
  7 quokkas
  3 frilled lizards
  14 goblins
  5 rats
111 creatures vanquished.

Notes
Turn   | Place    | Note
-------+----------+-------------------------------------------
     0 | D:1      | mopl the Merfolk Fighter began the quest for the Orb.
     0 | D:1      | Reached XP level 1. HP: 18/18 MP: 1/1
    66 | D:1      | Found a faded altar of an unknown god.
    69 | D:1      | Reached skill level 3 in Long Blades
    79 | D:1      | Reached XP level 2. HP: 20/24 MP: 2/2
   110 | D:1      | Prayed at the altar of an unknown god.
   110 | D:1      | Became a worshipper of Gozag Ym Sagoz the Greedy
   200 | D:1      | Reached skill level 4 in Long Blades
   229 | D:1      | Reached XP level 3. HP: 28/29 MP: 3/3
   963 | D:2      | Reached skill level 5 in Long Blades
  1020 | D:2      | Noticed Robin
  1033 | D:2      | Reached XP level 4. HP: 20/35 MP: 4/4
  1179 | D:2      | Killed Robin
  1525 | D:2      | Reached skill level 6 in Long Blades
  1826 | D:3      | Reached XP level 5. HP: 36/41 MP: 5/5
  2046 | D:3      | Reached skill level 7 in Long Blades
  2046 | D:3      | Noticed an ogre
  2112 | D:3      | Killed an ogre
  2113 | D:3      | Reached XP level 6. HP: 18/47 MP: 6/6
  2221 | D:3      | Found a hazy altar of Hepliaklqana.
  2223 | D:3      | Found a shadowy altar of Dithmenos.
  2224 | D:3      | Noticed a shadow
  2812 | D:4      | Noticed Eustachio
  2839 | D:4      | HP: 1/47 [river rat[Eustachio] (7)]
  3034 | D:4      | Reached skill level 8 in Long Blades
  3078 | D:4      | Killed Eustachio
  3079 | D:4      | Reached skill level 1 in Dodging
  3079 | D:4      | Reached XP level 7. HP: 46/53 MP: 7/7
  3120 | D:4      | Reached skill level 2 in Dodging
  3235 | D:4      | Found a staircase to the Ecumenical Temple.
  3379 | D:4      | Reached skill level 4 in Fighting
  3662 | D:4      | Found a burning altar of Makhleb.
  3896 | D:5      | Entered Level 5 of the Dungeon
  3896 | D:5      | Found an iron altar of Okawaru.
  3915 | D:4      | HP: 2/54 [black bear (11)]
  3916 | D:4      | Slain by a black bear

Illustrated notes

Levels and vault maps discovered:
D:1:      kennysheep_arrival_forest, layout_basic, ebering_ecumenical_altar_box,
          minmay_misc_feat_iff, minmay_distorted
D:2:      layout_loops_ring, uniq_robin
D:3:      layout_loops_ring, riverfiend_overflow_shadow_ancestor,
          grunt_ministairs_7, minmay_misc_feat_four_crosses
D:4:      layout_loops_cross, nicolae_overflow_crystal_walls,
          minmay_temple_entry_fiery, uniq_eustachio
D:5:      layout_cave_pools, okawaru_metal_pillars_1_2, serial_gnoll_camp,
          gnoll_camp_huts_basic, gnoll_camp_mini_hut, gnoll_camp_mini_loothouse,
          gnoll_camp_medium_01, gnoll_camp_mini_house, gnoll_camp_mini_hut,
          uniq_crazy_yiuf_cottage

Skill      XL: |  1  2  3  4  5  6  7 |
---------------+----------------------+-----
Long Blades    | 3 4 5 6 7 8 |  8.8
Dodging        | 1 2 |  2.7
Fighting       | 4 |  4.2
Armour         | |  2.7
Shields        | |  3.0

Action                     |  1- 3 |  4- 6 |  7- 9 || total
---------------------------+-------+-------+-------++-------
  Melee: Long sword        |   101 |   273 |    86 ||   460
    Use: Scroll            |       |     5 |     2 ||     7
 Armour: Scale mail        |   102 |   193 |    77 ||   372
  Dodge: Dodged            |    50 |   133 |    57 ||   240
  Block: Buckler           |    24 |    77 |    21 ||   122

Table legend: (Time is in decaauts)
 A = Elapsed time spent in this place.
 B = Non-inter-level travel time spent in this place.
 C = Inter-level travel time spent in this place.
 D = Time resting spent in this place.
 E = Time spent auto-exploring this place.
 F = Levels seen in this place.
 G = Mean time per level.
                   A        B        C        D        E       F      G
               +--------+--------+--------+--------+--------+-----+--------+
         Total |   3967 |   3860 |    107 |    398 |   2445 |   5 |  793.4 |
       Dungeon |   3967 |   3860 |    107 |    398 |   2445 |   5 |  793.4 |
               +--------+--------+--------+--------+--------+-----+--------+

Top non-repeatable levels by time:
     D:3: 1078 daAuts
     D:1: 1031 daAuts
     D:4: 1028 daAuts
     D:2: 821 daAuts
     D:5: 6 daAuts
